 Dungeon Crawl Stone Soup version 0.18.1-6-gd335043 (webtiles) character file.

60 Moloch the Chopper (level 3, -1/29 HPs)
             Began as a Demonspawn Fighter on May 16, 2016.
             Killed from afar by an orc wizard (3 damage)
             ... with a magic dart
             ... on level 2 of the Dungeon.
             The game lasted 00:03:22 (2212 turns).

Moloch the Chopper (Demonspawn Fighter)             Turns: 2212, Time: 00:03:23

Health: -1/29      AC: 10    Str: 17    XL:     3   Next: 80%
Magic:  3/3        EV:  6    Int: 11    God:
Gold:   63         SH:  8    Dex: 12    Spells: 0 memorised, 2 levels left

rFire  + . .     SeeInvis .     a - +1 war axe
rCold  + . .     Gourm    .     b - +0 scale mail
rNeg   . . .     Faith    .     c - +0 shield
rPois  +         Spirit   .     (helmet restricted)
rElec  +         Dismiss  .     (no cloak)
rCorr  +         Reflect  .     (no gloves)
SustAt .         Harm     .     (no boots)
MR     .....                    (no amulet)
Stlth  ..........               k - +4 ring of protection
                                (no ring)

@: lethally poisoned (-1 -> -9), resistant, very slightly contaminated, hasted,
very quick, not resistant to hostile enchantments, extremely unstealthy
A: horns 1, clever 1
a: no special abilities


You were on level 2 of the Dungeon.
You were not hungry.

You visited 1 branch of the dungeon, and saw 3 of its levels.

You collected 63 gold pieces.

Inventory:

Hand Weapons
 a - a +1 war axe (weapon)
Missiles
 t - 3 tomahawks (quivered)
Armour
 b - a +0 scale mail (worn)
 c - a +0 shield (worn)
Jewellery
 k - a +4 ring of protection (right hand)
 p - an uncursed ring of teleportation
Wands
 r - a wand of random effects (23/48)
Scrolls
 j - 5 scrolls of remove curse
 m - a scroll of identify
 o - a scroll of random uselessness {unknown}
 s - a scroll of teleportation
Potions
 d - a potion of might
 e - 2 potions of brilliance
 h - a potion of resistance
Comestibles
 f - 3 bread rations
 g - 2 meat rations
 l - 7 fruits
 q - 3 chunks of flesh


   Skills:
 - Level 3.0 Fighting
 + Level 3.8 Axes
 - Level 2.6 Armour
 - Level 2.6 Shields


You had 2 spell levels left.
You didn't know any spells.

Dungeon Overview and Level Annotations

Branches:
Dungeon (3/15)

Altars:
Xom

Annotations:
D:3 Ijyb


Innate Abilities, Weirdness & Mutations

You have a pair of small horns on your head.
Your mind is acute. (Int +2)


Message History

You feel less resistant to hostile enchantments.
You block the orc wizard's attack.
Drink which item? (? for menu, Esc to quit)
Okay, then.
You hit the orc wizard.
The orc wizard is moderately wounded.
The orc wizard hits you but does no damage.
You are more poisoned.
You block the orc wizard's attack.
You hit the orc wizard but do no damage.
The orc wizard is moderately wounded.
* * * LOW HITPOINT WARNING * * *
You feel sick. You block the orc wizard's attack.
You hit the orc wizard but do no damage.
The orc wizard is moderately wounded.
* * * LOW HITPOINT WARNING * * *
You feel sick.
The orc wizard gestures at you while chanting.
The magic dart hits you!
You die...

..##.#.# #.###### #.#
####.#.# ##......##
#.# #.#.###...##...#
#.# #..)....#.##...###
#.#
###.###(.........###.#
#.....#............#
######.#.......###.#
#.###...#####.#
#.#..[@.......#
#.#.##o########
###########.#.##.#
.................#
####.#########.### #.#
#.# #.# #)# #.# #.#
#.# #.#


You could see an orc wizard.

Vanquished Creatures
  An orc wizard (D:2)
  A worm (D:2)
  2 dart slugs
  2 giant geckos (D:2)
  3 orcs
  2 bats (D:1)
  A giant cockroach (D:1)
  2 goblins (D:2)
  3 hobgoblins
  2 giant newts (D:2)
  3 kobolds
  3 rats
25 creatures vanquished.

Notes
Turn   | Place    | Note
--------------------------------------------------------------
     0 | D:1      | Moloch the Demonspawn Fighter began the quest for the Orb.
     0 | D:1      | Reached XP level 1. HP: 18/18 MP: 1/1
   552 | D:1      | Gained mutation: You have a pair of small horns on your head. [demonic ancestry]
   552 | D:1      | Reached XP level 2. HP: 22/24 MP: 2/2
   945 | D:2      | Found a shimmering altar of Xom.
  1461 | D:3      | Reached XP level 3. HP: 29/29 MP: 3/3
  2169 | D:3      | Found a faded altar to an unknown god.
  2175 | D:3      | Noticed Ijyb
  2209 | D:2      | Gained mutation: You are resistant to hostile enchantments. [potion of mutation]
  2209 | D:2      | Gained mutation: Your mind is acute. (Int +2) [potion of mutation]
  2209 | D:2      | Lost mutation: You are resistant to hostile enchantments. [potion of mutation]
  2212 | D:2      | Killed from afar by an orc wizard

Skill      XL: |  1  2 |
---------------+-------+-----
Axes           | 2 3 |  3.8
Fighting       | |  3.0
Armour         | |  2.6
Shields        | |  2.6

Action                   || total
-------------------------++-------
Melee: War axe           ||   104
       Headbutt          ||     9
  Use: Scroll            ||     5
       Potion            ||     3
  Eat: Chunk             ||     4
Armor: Scale mail        ||    58
Dodge: Dodged            ||    25
Block: Shield            ||    49
